 Dungeon Crawl Stone Soup version 0.19.4-9-g45fd643 (console) character file.

69 lanroth the Chopper (level 4, 0/34 HPs)
             Began as a Human Gladiator on Feb 15, 2017.
             Succumbed to an adder's poison
             ... on level 2 of the Dungeon.
             The game lasted 00:11:00 (1589 turns).

lanroth the Chopper (Human Gladiator)               Turns: 1589, Time: 00:11:00

Health: 0/34       AC:  5    Str: 16    XL:     4   Next: 42%
Magic:  4/4        EV: 19    Int:  8    God:
Gold:   115        SH:  0    Dex: 19    Spells: 0 memorised, 3 levels left

rFire  . . .     SeeInvis .     a - +0 war axe
rCold  . . .     Gourm    .     b - +0 leather armour
rNeg   . . .     Faith    .     (no shield)
rPois  .         Spirit   .     c - +1 helmet
rElec  .         Reflect  .     (no cloak)
rCorr  .         Harm     .     (no gloves)
MR     .....                    (no boots)
Stlth  +++.......               (no amulet)
                                (no ring)
                                (no ring)

@: agile, lethally poisoned (0 -> -2), flying, very slightly contaminated,
hasted, very quick
A: no striking features
a: no special abilities


You were on level 2 of the Dungeon.
You were not hungry.

You visited 1 branch of the dungeon, and saw 2 of its levels.

You collected 115 gold pieces.

Inventory:

Hand Weapons
 a - a +0 war axe (weapon)
 x - a +0 trident
Missiles
 d - 3 throwing nets
 e - 36 arrows
 k - 40 bolts
 l - 42 stones (quivered)
Armour
 b - a +0 leather armour (worn)
 c - a +1 helmet (worn)
 u - a +0 leather armour
Scrolls
 r - a scroll of identify
Comestibles
 f - a bread ration
 q - a beef jerky
 t - a chunk of flesh
 w - a slice of pizza


   Skills:
 + Level 2.4 Fighting
 + Level 4.0 Axes
 + Level 2.0 Throwing
 + Level 0.6 Armour
 + Level 3.6 Dodging
 + Level 0.2 Stealth


You had 3 spell levels left.
You didn't know any spells.

Dungeon Overview and Level Annotations

Branches:
Dungeon (2/15)

Altars:


Message History

[Stash: 2 pink potions] [the floor.]
You can't see that place.
Okay, then.
Blink to where?
Press: ? - help, Dir - move target cursor
As you read the scroll of blinking, it crumbles to dust.
Okay, then.
Okay, then.
You feel as though your hastened speed will last longer.
* * * LOW HITPOINT WARNING * * *
You feel sick.
You see here 10 gold pieces.
* * * LOW HITPOINT WARNING * * *
You feel sick.
You see here an adder corpse.
As you read the scroll labeled XIDEXZ PITON, it crumbles to dust.
It is a scroll of recharging.
You aren't carrying any rechargeable items.
You die...

#.# ... #.# #.. #.# #.# #.# #.# #.# #.# #
#####.#####.# ...
###...........#################.l.#
#.......†S.$........§..........#
###########..@....###.....##############.#
#...........#..#### #...#.# #
#.#########.#...........#.# #.#
#.##.###.##.#.# # #.# #.##.# # #.... #.#
#.##?# ###.## #.# #.##.# #.# #.# #%##.#
#.# #.##.. #.# #.# #.###### #.# #......#
..# ######.# .## ##############.# !
#..............# #. ##.####
#.###########..# .......########### #.#
#..# #.<.........## #.####### #..#
##########.>.## #.......# #..# #.....#
#..#.#..... .... #.....# #..#.# ### #..##
#.....# ##..#.# .... ##...## #...#.#####
#..# ##.## # # #.......... #.# . .>.
#...####### #.# .#... ##..#
######.######..... #..#
...............#... #..#######
#######.###.....# # #............ ..
##.###.###.##.# #..######.#.# ...
.............#.# #..# #.#.# #.#
#######.#......# #..# #.#.# #.# #......###
#..# #.#.# #.# #####.## #..# #.#.# #.# #.#
#..# #.#.########.# #.#
#..######.#..........# ##############.#


You could see an adder.

Vanquished Creatures
  3 adders (D:2)
  A worm (D:2)
  2 dart slugs
  3 giant cockroaches (D:1)
  4 hobgoblins (D:1)
  2 jackals (D:1)
  A quokka (D:2)
  A ball python (D:1)
  2 bats
  4 frilled lizards
  7 goblins
  2 kobolds
  3 rats
35 creatures vanquished.

Notes
Turn   | Place    | Note
-------+----------+-------------------------------------------
     0 | D:1      | lanroth the Human Gladiator began the quest for the Orb.
     0 | D:1      | Reached XP level 1. HP: 16/16 MP: 1/1
   194 | D:1      | Reached XP level 2. HP: 20/22 MP: 2/2
   613 | D:1      | Reached XP level 3. HP: 18/27 MP: 3/3
  1242 | D:2      | Reached XP level 4. HP: 33/33 MP: 4/4
  1558 | D:2      | Reached skill level 4 in Axes
  1583 | D:2      | HP: 1/34 [poisoned by an adder]
  1589 | D:2      | Succumbed to an adder's poison

Skill      XL: |  1  2  3  4 |
---------------+-------------+-----
Axes           | 4 |  4.0
Fighting       | |  2.4
Throwing       | |  2.0
Armour         | |  0.6
Dodging        | |  3.6
Stealth        | |  0.2

Action                   |  1- 3 |  4- 6 || total
-------------------------+-------+-------++-------
Melee: War axe           |    85 |    33 ||   118
Throw: Stone             |     2 |     9 ||    11
  Use: Scroll            |       |     7 ||     7
       Potion            |       |     5 ||     5
  Eat: Chunk             |     1 |     1 ||     2
Armor: Leather armour    |    22 |     9 ||    31
Dodge: Dodged            |    59 |    27 ||    86
